AoeStats
← el mero mero

Arabia

510371103Analyzed
1v1 RM · 18h ago on Sep 30, 2026· 40m 37s· 2 players
Game mode
Random Map
Map size
Tiny (2 player)
Population
200
Speed
Normal
Resources
Standard
Victory
Conquest
Starting age
Dark Age
Ending age
Imperial Age
RankedLock teamsTeams togetherTeam positionsShared explorationLock speedFull tech treeHidden civsTurbo modeCheats
Victory
Defeat
🇩🇪 Teutons · Germany
1549
+19
🇪🇸 Spanish · Spain
1607
-19
el mero mero
6:32 Loom
8:48 Feudal Age
10:00 Double-Bit Axe
21:55 Castle Age
20:51 Fletching
22:26 Bodkin Arrow
27:07 Town Watch
Rist!
7:24 Loom
10:02 Feudal Age
16:13 Castle Age
14:59 Double-Bit Axe
40:33 Sanctity
Connection lost

Rejoining the realm…

Still unreachable

The connection could not be restored.

Session expired

The server has moved on; the page needs a fresh start.